 Dungeon Crawl Stone Soup version 0.26.1-10-gdfb7c7de75 (webtiles) character file.

Game seed: 3604697781423645721

30 phalm the Grave Robber (level 3, -2/24 HPs)
             Began as a Mummy Necromancer on Apr 3, 2021.
             Slain by a gnoll
             ... wielding a +0 club
              (6 damage)
             ... on level 1 of the Dungeon.
             The game lasted 00:05:14 (1446 turns).

phalm the Grave Robber (Mummy Necromancer)          Turns: 1446, Time: 00:05:14

Health: -2/24      AC:  2    Str: 11    XL:     3   Next: 5%
Magic:  0/7        EV: 12    Int: 15    God:
Gold:   68         SH:  0    Dex: 12    Spells: 6/8 levels left

rFire    x . .     SeeInvis .   (no weapon)
rCold    + . .     Faith    .   (no shield)
rNeg     + + +     Spirit   .   a - +0 robe
rPois    ∞         Reflect  .   (no helmet)
rElec    .         Harm     .   (no cloak)
rCorr    .         Rampage  .   (no gloves)
Will     .....                  (no boots)
Stlth    ++........             (no amulet)
HPRegen  0.08/turn              (no ring)
MPRegen  0.10/turn              (no ring)

@: no status effects
A: no potions, fire vulnerability, cold resistance 1, negative energy resistance
3, torment resistance, unbreathing
a: no special abilities


You were on level 1 of the Dungeon.
You visited 1 branch of the dungeon, and saw 2 of its levels.

You collected 68 gold pieces.

Inventory:

Armour
 a - a +0 robe (worn)
Jewellery
 d - an uncursed ring of ice
Scrolls
 b - a scroll of noise {unknown}
 c - 3 scrolls of enchant armour {unknown}
 e - a scroll of identify {unknown}
 f - a scroll of amnesia {unknown}
 g - a scroll of enchant weapon {unknown}


   Skills:
 - Level 1.5 Dodging
 - Level 1.5 Stealth
 + Level 3.3 Spellcasting
 * Level 4.7 Necromancy


You had 6 spell levels left.
You knew the following spells:

 Your Spells              Type           Power        Failure   Level
a - Pain                  Necr           64%          2%          1
b - Animate Skeleton      Necr           32%          2%          1

Your spell library contained the following spells:

 Spells                   Type           Power        Failure   Level
 Vampiric Draining        Necr           8%           9%          3
 Animate Dead             Necr           8%           28%         4
 Agony                    Necr           16%          61%         5


Dungeon Overview and Level Annotations

Branches:
Dungeon (2/15)

Altars:


Innate Abilities, Weirdness & Mutations

You do not drink.
Your flesh is vulnerable to fire.
You are immune to poison.
Your flesh is cold resistant. (rC+)
You are immune to negative energy. (rN+++)
You are immune to unholy pain and torment.
You can survive without breathing.


Message History

Casting: Pain (safe; 2% risk of failure)
Confirm with . or Enter, or press ? or * to list all spells.
Aiming: Pain (safe; 2% risk of failure)
Press: ? - help, Shift-Dir - straight line, f/p - gnoll
Aim: a gnoll, wielding a +0 club (chance to affect: 81%)
The gnoll barely resists.
The gnoll hits you with a +0 club!
* * * LOW HITPOINT WARNING * * *
Casting: Pain (safe; 2% risk of failure)
Confirm with . or Enter, or press ? or * to list all spells.
Aiming: Pain (safe; 2% risk of failure)
Press: ? - help, Shift-Dir - straight line, f/p - gnoll
Aim: a gnoll, wielding a +0 club (chance to affect: 81%)
The gnoll writhes in agony.
The gnoll closely misses you.
Casting: Pain (safe; 2% risk of failure)
Confirm with . or Enter, or press ? or * to list all spells.
Aiming: Pain (safe; 2% risk of failure)
Press: ? - help, Shift-Dir - straight line, f/p - gnoll
Aim: a gnoll, wielding a +0 club (heavily wounded, chance to affect: 81%)
The gnoll writhes in agony.
The gnoll hits you with a +0 club.
You die...

##.#.##
##.......##
#..##.# #.#
....!.# ##.....##
###.###.# #.#
##..#.# ##...##
#.......###.#
##.#.# ##+##
#.#.........#
#.#.# #.#
#.###########
###.#.# #.# #.#
......# ###.##
#.# ###.###
###<#..#####.#
##.##
#......@g.>).#
##.#.##
#......#######
#.###.####...#.##
.## ##......##.#
#.###.########.#
##.#.## #.# ##.##
#.# ### #.# #.#


You could see a gnoll.

Vanquished Creatures
  A dart slug (D:1)
  A leopard gecko (D:1)
  3 bats (D:1)
  4 goblins (D:1)
  A hobgoblin (D:1)
  9 kobolds
  4 frilled lizards (D:1)
  3 rats
26 creatures vanquished.

Vanquished Creatures (collateral kills)
  A bat (D:1)
1 creature vanquished.

Grand Total: 27 creatures vanquished

Notes
Turn   | Place    | Note
-------+----------+-------------------------------------------
     0 | D:1      | phalm the Mummy Necromancer began the quest for the Orb.
     0 | D:1      | Reached XP level 1. HP: 13/13 MP: 4/4
     2 | D:1      | Learned a level 1 spell: Animate Skeleton
   278 | D:1      | Reached XP level 2. HP: 19/19 MP: 3/6
  1436 | D:2      | Reached XP level 3. HP: 19/24 MP: 5/7
  1446 | D:1      | Slain by a gnoll

Illustrated notes

Levels and vault maps discovered:
D:1:      saegor_arrival_simple_a, layout_loops_corners
D:2:      layout_basic, gammafunk_temple_overflow_wave,
          chequers_ecumenical_altar_simple, serial_curves, eino_curves_02,
          eino_curves_02, eino_curves_02

Skill      XL: |  1 |
---------------+----+-----
Spellcasting   | 3 |  3.3
Dodging        | |  1.5
Stealth        | |  1.5
Necromancy     | |  4.7

Action                   || total
-------------------------++-------
Melee: Unarmed           ||     2
 Cast: Pain              ||    56
       Animate Skeleton  ||     6
Armor: Robe              ||     5
Dodge: Dodged            ||    13
